 Dungeon Crawl Stone Soup version 0.32-a0-616-g9348d4545b (webtiles) character file.

Game seed: 13660797822142735564

238 ytrimaz the Grave Robber (level 5, -1/38 HPs)
             Began as a Mountain Dwarf Necromancer on Mar 6, 2024.
             Killed by nerve-wracking pain
             ... invoked by Grinder
              (4 damage)
             ... on level 4 of the Dungeon.
             The game lasted 00:05:02 (3189 turns).

ytrimaz the Grave Robber (MDNe)                     Turns: 3189, Time: 00:05:02

Health: -1/38      AC:  9    Str: 10    XL:     5   Next: 78%
Magic:  9/9        EV: 10    Int: 18    God:
Gold:   88         SH:  0    Dex: 10    Spells: 6/10 levels left

rFire   . . .        a - +0 hand axe
rCold   . . .        (no shield)
rNeg    . . .        l - +0 ring mail
rPois   .            (no helmet)
rElec   .            c - +2 cloak
rCorr   .            (no gloves)
SInv    .            (no boots)
Will    .....        (no amulet)
Stlth   +            (no ring)
HPRegen 0.26/turn    (no ring)
MPRegen 0.11/turn

%: no passive effects
@: mighty, on berserk cooldown, slowed, very slow
A: runic magic, artefact enchanting
a: no special abilities


You were on level 4 of the Dungeon.
You visited 1 branch of the dungeon, and saw 4 of its levels.

You collected 238 gold pieces.
You spent 150 gold pieces at shops.


Innate Abilities, Weirdness & Mutations

Your spellcasting is much less encumbered by armour.
You can use scrolls of enchantment on lesser artefacts.


   Skills:
 + Level 1.8 Axes
 + Level 3.8 Armour
 - Level 1.3 Dodging
 - Level 1.4 Stealth
 - Level 3.0 Spellcasting
 + Level 5.3 Necromancy


You had 6 spell levels left.
You knew the following spells:

 Your Spells              Type           Power      Damage    Failure   Level
a - Necrotise             Necr           88%        1d8       2%          1
b - Vampiric Draining     Necr           22%        2d7       7%          3

Your spell library contained the following spells:

 Spells                   Type           Power      Damage    Failure   Level
 Animate Dead             Necr           22%        N/A       22%         4
 Dazzling Flash           Conj/Hex       4%         N/A       52%         3
 Mephitic Cloud           Conj/Alch/Air  2%         N/A       52%         3
 Curse of Agony           Necr           22%        N/A       52%         5
 Silence                  Hex/Air        1%         N/A       99%         5

Inventory:

Hand Weapons
 a - a +0 hand axe (weapon)
   (You took it off an orc on level 3 of the Dungeon)
Armour
 b - an orb of guile
   (You found it on level 1 of the Dungeon)
 c - a +2 cloak (worn)
   (You found it on level 1 of the Dungeon)
 l - a +0 ring mail (worn)
   (You found it on level 2 of the Dungeon)
Scrolls
 h - a scroll of revelation
 j - 3 scrolls of teleportation
Potions
 e - a potion of cancellation
 f - a potion of mutation
 i - a potion of berserk rage
 k - 3 potions of curing

Dungeon Overview and Level Annotations

Branches:
Dungeon (4/15) Zot: 20793
 Temple: D:4-7

Altars:

Shops:
D:3 !

Annotations:
D:4 Grinder

### #############...
#...........'...
#...........#.....#
#......@5...#.....#
##########...#.....#
#........#...#.....#
#........#...#.....#
#........#...#.....#
#........#...#.....#
#........+.........#
#......#.....#.....#
#.....###...###....######


You could see Grinder.


Message History

A ball python is nearby!
A ball python is nearby!
A ball python is nearby! 😕 HP[+1]
The ball python barely misses you. The ball python closely misses you.
The ball python bites you. The ball python grabs you.
The ball python constricts you. 😕 HP[-3]
You take 3 damage, and now have 30/38 hp.
You hit the ball python.
You kill the ball python!
No target in view!
Unknown command.
No target in view! 😕 HP[+1] Key pressed, stopping explore.
You now have 88 gold pieces (gained 13).
Grinder comes into view.
She is carrying a wand of flame.
Grinder shouts! 😎 HP[+7]
Your hp is fully restored (38).
Grinder is nearby!
Grinder blinks!
Unknown command.
Unknown command.
You hit Grinder. Grinder hits you but does no damage.
You hit Grinder. Grinder gestures at you.
You suddenly lose the ability to move!
Grinder gestures at you.
You shrug off the repeated paralysis!
Grinder hits you!
You writhe in agony.
Grinder blinks!
You can move again. 😕 HP[-9]
You take 9 damage, and now have 29/38 hp.
MASSIVE DAMAGE!! (PAUSE)
You feel very mighty all of a sudden.
You closely miss Grinder. Grinder gestures at you.
You shrug off the repeated paralysis!
Grinder hits you!
You writhe in agony.
* * * LOW HITPOINT WARNING * * *
😨 HP[-13]
You take 13 damage, and now have 16/38 hp.
MASSIVE DAMAGE!! (PAUSE)
You closely miss Grinder.
Grinder zaps a wand.
The puff of flame hits you.
* * * LOW HITPOINT WARNING * * *
😨 HP[-4]
You take 4 damage, and now have 12/38 hp.
You hit Grinder.
Grinder zaps a wand.
The puff of flame hits you.
* * * LOW HITPOINT WARNING * * *
😱 HP[-3]
You take 3 damage, and now have 9/38 hp.
You feel better.
Grinder zaps a wand.
The puff of flame hits you.
* * * LOW HITPOINT WARNING * * *
😨 HP[+7]
You regained 7 hp, and now have 16/38 hp.
Unknown command.
A red film seems to cover your vision as you go berserk!
You feel yourself moving faster!
You feel mighty! Grinder hits you!
* * * LOW HITPOINT WARNING * * *
You writhe in agony.
* * * LOW HITPOINT WARNING * * *
😱 HP[-5]
You now have 57 max hp (+19).
Unknown command.
You closely miss Grinder.
Grinder blinks! 😱 HP[+1] Unknown command.
You feel a strong urge to attack something.
Grinder gestures at you.
You suddenly lose the ability to move!
Grinder gestures at you.
You struggle to resist.
Grinder gestures at you.
You shrug off the repeated paralysis!
Grinder says, "Mostly I couldn't keep them alive."
Grinder blinks!
You are no longer berserk.
You feel yourself slow down. Grinder gestures at you.
You resist with significant effort.
You can move again. 😱 HP[-3]
You now have 38 max hp (-19).
You closely miss Grinder.
Grinder zaps a wand.
The puff of flame hits you.
* * * LOW HITPOINT WARNING * * *
Grinder gestures at you. Pain shoots through your body!
You die...
Grinder sighs, "Dead already?
I want a refund."

Skill      XL: |  1  2  3  4  5 |
---------------+----------------+-----
Armour         | 1 2 3 |  3.8
Spellcasting   | 2 3 |  3.0
Necromancy     | 5 |  5.3
Axes           | 1 |  1.8
Dodging        | |  1.3
Stealth        | |  1.4

Action                     |  1- 3 |  4- 6 || total
---------------------------+-------+-------++-------
  Melee: Unarmed           |    21 |     2 ||    23
         Hand axe          |       |    35 ||    35
   Cast: Necrotise         |    52 |    49 ||   101
         Vampiric Draining |       |     1 ||     1
    Use: Potion            |     1 |     4 ||     5
         Scroll            |       |     5 ||     5
 Armour: Robe              |    34 |     8 ||    42
         Ring mail         |       |    48 ||    48
  Dodge: Dodged            |    33 |    53 ||    86

Levels and vault maps discovered:
D:1:      scummos_arrival_forest, layout_basic
D:2:      layout_loops_corners
D:3:      layout_basic, serial_shops, shop
D:4:      layout_gridville, nicolae_overflow_squiral, grunt_ministairs_10,
          minmay_strange_pillars, minmay_box_of_dots, uniq_grinder,
          uniq_crazy_yiuf_cottage, uniq_robin

Notes
Turn   | Place    | Note
-------+----------+-------------------------------------------
     0 | D:1      | ytrimaz the Mountain Dwarf Necromancer began the quest for
                  | the Orb.
     0 | D:1      | Reached XP level 1. HP: 14/14 MP: 3/3
     0 | D:1      | magus.rc [v1.9.6]
     4 | D:1      | You pick up a book of the Senses and begin reading...
     4 | D:1      | You add the spells Dazzling Flash, Mephitic Cloud and
                  | Silence to your library.
    92 | D:1      | HP: 2/14 [hobgoblin (4)]
   174 | D:1      | Reached skill level 1 in Armour
   217 | D:1      | Reached XP level 2. HP: 15/20 MP: 0/4
   293 | D:1      | Reached skill level 2 in Spellcasting
   606 | D:1      | Reached skill level 2 in Armour
   606 | D:1      | Reached XP level 3. HP: 12/26 MP: 4/6
   935 | D:1      | Learned a level 3 spell: Vampiric Draining
  1583 | D:2      | Reached XP level 4. HP: 33/33 MP: 5/7
  1940 | D:2      | Reached skill level 3 in Armour
  2254 | D:3      | Reached skill level 5 in Necromancy
  2529 | D:3      | Found Efeare's Distillery.
  2585 | D:3      | Bought a potion of berserk rage for 50 gold pieces
  2585 | D:3      | Bought 2 potions of curing for 60 gold pieces
  2585 | D:3      | Bought a potion of might for 40 gold pieces
  2808 | D:3      | Reached XP level 5. HP: 38/38 MP: 5/9
  2980 | D:4      | Reached skill level 1 in Axes
  2980 | D:4      | Reached skill level 3 in Spellcasting
  2984 | D:4      | HP: 9/38 [poisoned by a scorpion]
  3165 | D:4      | Noticed Grinder
  3169 | D:4      | Paralysed by Grinder for 5 turns
  3177 | D:4      | HP: 9/38 [Grinder/puff of flame (3)]
  3183 | D:4      | Paralysed by Grinder for 5 turns
  3189 | D:4      | HP: 3/38 [Grinder/puff of flame (6)]
  3189 | D:4      | Killed from afar by Grinder

Vanquished Creatures
  A scorpion (D:4)
  An iguana (D:4)
  A gnoll (D:1)
  8 adders
  2 dart slugs
  A ribbon worm (D:3)
  4 orcs
  3 endoplasms
  A giant cockroach (D:1)
  3 goblins (D:1)
  5 hobgoblins
  2 jackals (D:4)
  2 quokkas
  6 ball pythons
  4 bats
  4 frilled lizards
  2 kobolds
  4 rats
54 creatures vanquished.

Vanquished Creatures (collateral kills)
  A dart slug (D:2)
  An orc (D:3)
  An endoplasm (D:2)
  A goblin (D:1)
4 creatures vanquished.

Grand Total: 58 creatures vanquished

Table legend:
 A = Non-vault XP
 B = Vault XP
 C = Vault XP percentage of total XP
 D = Non-vault monster count
 E = Vault monster count
 F = Vault count percentage of total count
                 A         B        C        D         E       F
            +---------+---------+-------+---------+---------+-------
      Total |     340 |       0 |   0.0 |      58 |       0 |   0.0
            +---------+---------+-------+---------+---------+-------
        D:1 |      46 |       0 |   0.0 |      19 |       0 |   0.0
        D:2 |      82 |       0 |   0.0 |      18 |       0 |   0.0
        D:3 |      76 |       0 |   0.0 |      15 |       0 |   0.0
        D:4 |     136 |       0 |   0.0 |       6 |       0 |   0.0
            +---------+---------+-------+---------+---------+-------

Skill      XL: |  1  2  3  4  5 |
---------------+----------------+-----
Armour         | 1 2 3 |  3.8
Spellcasting   | 2 3 |  3.0
Necromancy     | 5 |  5.3
Axes           | 1 |  1.8
Dodging        | |  1.3
Stealth        | |  1.4

Action                     |  1- 3 |  4- 6 || total
---------------------------+-------+-------++-------
  Melee: Unarmed           |    21 |     2 ||    23
         Hand axe          |       |    35 ||    35
   Cast: Necrotise         |    52 |    49 ||   101
         Vampiric Draining |       |     1 ||     1
    Use: Potion            |     1 |     4 ||     5
         Scroll            |       |     5 ||     5
 Armour: Robe              |    34 |     8 ||    42
         Ring mail         |       |    48 ||    48
  Dodge: Dodged            |    33 |    53 ||    86

Illustrated notes

Table legend:
 A = Kills in this place as a percentage of kills in the entire game.
 B = Kills by you in this place as a percentage of kills by you in the entire game.
 C = Kills by friends in this place as a percentage of kills by friends in the entire game.
 D = Other kills in this place as a percentage of other kills in the entire game.
 E = Experience gained in this place as a percentage of experience gained in the entire game.
 F = Experience gained in this place divided by the number of levels of this place that you have seen.
                   A       B       C       D       E      F
               +-------+-------+-------+-------+-------+----------------------
         Total | 100.0 | 100.0 | 100.0 |   N/A | 100.0 |  85.0
       Dungeon | 100.0 | 100.0 | 100.0 |   N/A | 100.0 |  85.0
               +-------+-------+-------+-------+-------+----------------------

Table legend: (Time is in decaauts)
 A = Elapsed time spent in this place.
 B = Non-inter-level travel time spent in this place.
 C = Inter-level travel time spent in this place.
 D = Time resting spent in this place.
 E = Time spent auto-exploring this place.
 F = Levels seen in this place.
 G = Mean time per level.
                   A        B        C        D        E       F      G
               +--------+--------+--------+--------+--------+-----+--------+
         Total |   3204 |   3127 |     77 |     29 |   2693 |   4 |  801.0 |
       Dungeon |   3204 |   3127 |     77 |     29 |   2693 |   4 |  801.0 |
               +--------+--------+--------+--------+--------+-----+--------+

Top non-repeatable levels by time:
     D:2: 1271 daAuts
     D:1: 961 daAuts
     D:3: 742 daAuts
     D:4: 229 daAuts
